[Event "Titled Tuesday Blitz May 4 2021"]
[White "Provotorov, Ivan"]
[Black "Guzman Moneo, Alberto"]
[WhiteFideId "4154657"]
[BlackFideId "2209616"]
[WhiteElo "2244"]
[BlackElo "2157"]
[Result "1-0"]
[Round "10"]
[TimeControl "180+1"]
[Date "2021.05.04"]
[WhiteClock "0:00:15"]
[BlackClock "0:00:13"]

1. c4 e5 2. Nc3 Nc6 3. Nf3 Nf6 4. e4 Bc5 5. Nxe5 Nxe5 6. d4 Bxd4 7. Qxd4 d6 8. Bg5 h6 9. Bh4 g5 10. Bg3 Nc6 11. Qd2 Be6 12. Be2 Nd7 13. O-O h5 14. f4 h4 15. Bf2 gxf4 16. Qxf4 Nde5 17. Nd5 Bxd5 18. cxd5 Ne7 19. Bb5+ c6 20. dxc6 bxc6 21. Ba4 N7g6 22. Qf5 h3 23. g3 Qd7 24. Rac1 Rc8 25. Bd4 Qe6 26. Qf6 Qxf6 27. Rxf6 Ke7 28. Rf5 c5 29. Bc3 Rhf8 30. Rcf1 f6 31. Rh5 Rh8 32. Rhf5 Rhf8 33. Bb3 c4 34. Bd1 Rc5 35. Bh5 d5 36. exd5 Rxd5 37. Bxg6 Rd3 38. Bxe5 Rxg3+ 39. Bxg3 Rg8 40. Rxf6 Rxg6 41. Rxg6 c3 42. Rh6 cxb2 43. Rb1 Kf7 44. Rxb2 Kg7 45. Rb7+ Kf8 46. Rh8# 1-0


[Site "https://www.chess.com"]

[Event "Titled Tuesday Blitz May 4 2021"]
[White "Prydun, Andriy"]
[Black "Sharapov, Evgeny"]
[WhiteFideId "14145898"]
[BlackFideId "14103133"]
[WhiteElo "2033"]
[BlackElo "2367"]
[Result "1-0"]
[Round "10"]
[TimeControl "180+1"]
[Date "2021.05.04"]
[WhiteClock "0:01:06"]
[BlackClock "0:00:34"]

1. d4 d5 2. Nc3 c6 3. Bf4 Qb6 4. Rb1 Nf6 5. f3 g6 6. e4 dxe4 7. fxe4 Bg7 8. Nf3 O-O 9. Bd3 Bg4 10. Be3 e5 11. Ne2 exd4 12. Bxd4 Qa5+ 13. b4 Qc7 14. O-O Nbd7 15. Qe1 c5 16. bxc5 Nxc5 17. Qc3 Bxf3 18. gxf3 Ne6 19. Bxf6 Qxc3 20. Bxc3 Bxc3 21. Nxc3 Nc5 22. Nd5 Rfd8 23. a4 Kg7 24. a5 Rac8 25. Rb4 f5 26. Rfb1 fxe4 27. fxe4 Rd7 28. Rc4 Rc6 29. Rb5 Nxd3 30. cxd3 Rxc4 31. dxc4 Kf7 32. e5 Ke6 33. Nf4+ Kf5 34. e6+ 1-0


[Site "https://www.chess.com"]

[Event "Titled Tuesday Blitz May 4 2021"]
[White "Quirke, Jeffrey"]
[Black "Hartikainen, Jarmo"]
[WhiteFideId "2013029"]
[BlackFideId "503134"]
[WhiteElo "2234"]
[BlackElo "2093"]
[Result "0-1"]
[Round "10"]
[TimeControl "180+1"]
[Date "2021.05.04"]
[WhiteClock "0:00:03"]
[BlackClock "0:00:17"]

1. d4 Nf6 2. c4 g6 3. Nc3 d5 4. cxd5 Nxd5 5. e4 Nxc3 6. bxc3 Bg7 7. Nf3 c5 8. Be3 O-O 9. Be2 Nc6 10. O-O cxd4 11. cxd4 b6 12. Rc1 Bb7 13. d5 Ne5 14. Nxe5 Bxe5 15. f4 Bg7 16. Qd2 Rc8 17. Bf3 e6 18. d6 e5 19. d7 Rc7 20. Rxc7 Qxc7 21. Rc1 Qb8 22. f5 Rd8 23. fxg6 hxg6 24. Bg4 Kh7 25. Bg5 f6 26. Be3 Bf8 27. Qd3 Qd6 28. Qxd6 Bxd6 29. Rd1 Be7 30. Bf3 Bc6 0-1


[Site "https://www.chess.com"]

[Event "Titled Tuesday Blitz May 4 2021"]
[White "Quparadze, Giga"]
[Black "Deac, Bogdan-Daniel"]
[WhiteFideId "13602250"]
[BlackFideId "1226380"]
[WhiteElo "2658"]
[BlackElo "2605"]
[Result "0-1"]
[Round "10"]
[TimeControl "180+1"]
[Date "2021.05.04"]
[WhiteClock "0:00:03"]
[BlackClock "0:00:04"]

1. e4 c5 2. Nf3 d6 3. d4 cxd4 4. Nxd4 Nf6 5. Nc3 a6 6. g3 g6 7. Bg2 Bg7 8. O-O O-O 9. a4 Nc6 10. Nde2 Rb8 11. h3 b5 12. axb5 axb5 13. Be3 e6 14. Nd4 Nxd4 15. Bxd4 b4 16. Ne2 e5 17. Ba7 Rb7 18. c3 Be6 19. cxb4 Qc7 20. Be3 Rxb4 21. Qd2 Rfb8 22. Rfc1 Qd8 23. Nc3 Rxb2 24. Qd1 Rc8 25. Ra6 Bf8 26. Bg5 h6 27. Na4 Bb3 28. Qf3 Rxc1+ 29. Bxc1 Rb1 30. Qc3 Qd7 31. Nb2 Qb7 32. Ra3 Be6 33. Kh2 Nxe4 34. Qc2 d5 35. Ra4 Rxc1 36. Qxc1 Nxf2 37. Qc3 Qb8 38. Nd3 Nxd3 39. Qxd3 e4 40. Qe3 Qe5 41. Ra8 Kg7 42. Ra5 Bd6 43. h4 g5 44. hxg5 hxg5 45. Ra6 g4 46. Rc6 Kg6 47. Ra6 Kg7 48. Rc6 Be7 49. Qa7 Bf6 50. Qf2 e3 51. Qe2 d4 52. Rc1 Qh5+ 53. Kg1 Qe5 54. Kh2 Bf5 55. Rf1 d3 56. Qe1 e2 57. Rf4 Bg6 58. Rxg4 Qc3 0-1


[Site "https://www.chess.com"]

[Event "Titled Tuesday Blitz May 4 2021"]
[White "Radu, David Cr."]
[Black "Elissalt Cardenas, Hector"]
[WhiteFideId "1265717"]
[BlackFideId "3500632"]
[WhiteElo "1596"]
[BlackElo "2231"]
[Result "1-0"]
[Round "10"]
[TimeControl "180+1"]
[Date "2021.05.04"]
[WhiteClock "0:00:52"]
[BlackClock "0:00:01"]

1. e4 d6 2. d4 Nf6 3. Nc3 e5 4. Nf3 Nbd7 5. Rg1 Be7 6. g4 g6 7. Be3 c6 8. Qd2 O-O 9. O-O-O Re8 10. h4 Qc7 11. h5 exd4 12. Nxd4 Ne5 13. f3 a6 14. Be2 b5 15. g5 Nxh5 16. f4 Nc4 17. Bxc4 bxc4 18. Qe2 c5 19. Nd5 Qb7 20. Nf3 Be6 21. Qxc4 Bd8 22. Rge1 Rb8 23. Qc3 Ng3 24. Bf2 Nxe4 25. Rxe4 Ba5 26. Nf6+ Kf8 27. Nxh7+ Kg8 28. Nf6+ Kf8 29. Qxa5 Qxb2+ 30. Kd2 Bf5 31. Nd7+ 1-0


[Site "https://www.chess.com"]

[Event "Titled Tuesday Blitz May 4 2021"]
[White "Rakotomaharo, Fy Antenaina"]
[Black "Isajevsky, Anton"]
[WhiteFideId "13100050"]
[BlackFideId "4142500"]
[WhiteElo "2378"]
[BlackElo "2510"]
[Result "1-0"]
[Round "10"]
[TimeControl "180+1"]
[Date "2021.05.04"]
[WhiteClock "0:01:03"]
[BlackClock "0:00:02"]

1. e4 c5 2. Nf3 d6 3. d4 cxd4 4. Nxd4 Nf6 5. Nc3 a6 6. Bg5 e6 7. f4 Qc7 8. Qf3 Nbd7 9. O-O-O Be7 10. Bd3 h6 11. Bh4 g5 12. fxg5 Ne5 13. Qe2 Nfg4 14. h3 hxg5 15. Bg3 Nxd3+ 16. cxd3 Ne5 17. Kb1 Bd7 18. Rc1 Qa5 19. Nb3 Qb4 20. Qc2 Rc8 21. a3 Qb6 22. Bf2 Qd8 23. Qe2 Bf6 24. d4 Nc4 25. e5 dxe5 26. Ne4 Bb5 27. Qf3 Bg7 28. Rhd1 Qe7 29. dxe5 Bxe5 30. Bd4 Rd8 31. Rxc4 Bxc4 32. Bxe5 1-0


[Site "https://www.chess.com"]

[Event "Titled Tuesday Blitz May 4 2021"]
[White "Rakshitta, Ravi"]
[Black "Gedgafov, Chamal"]
[WhiteFideId "25073230"]
[BlackFideId "34130621"]
[WhiteElo "1873"]
[BlackElo "2005"]
[Result "1/2-1/2"]
[Round "10"]
[TimeControl "180+1"]
[Date "2021.05.04"]
[WhiteClock "0:00:58"]
[BlackClock "0:00:13"]

1. e4 e6 2. d4 d5 3. Nc3 Bb4 4. exd5 exd5 5. Bd3 Nf6 6. Ne2 c5 7. O-O cxd4 8. Nxd4 Nc6 9. Re1+ Be7 10. Bb5 Bd7 11. Bxc6 bxc6 12. Bg5 O-O 13. h3 h6 14. Bh4 Re8 15. Qf3 Rb8 16. Rab1 c5 17. Nf5 Bxf5 18. Qxf5 d4 19. Bxf6 Bxf6 20. Ne4 Qb6 21. Nxf6+ gxf6 22. Qd7 Re6 23. b3 Rbe8 24. Qxe8+ Rxe8 25. Rxe8+ Kg7 26. Rbe1 Qa6 27. a4 c4 28. R8e4 cxb3 29. cxb3 Qd3 30. g3 f5 31. Rf4 Kg6 32. Kh2 Qxb3 33. Rxd4 Qb2 34. Rf4 a5 35. Re8 Qd2 36. Re5 Qc3 37. Rexf5 Qd2 38. Rf6+ Kg7 39. Rxf7+ Kg8 40. Ra7 Qc3 41. Re4 Kf8 42. Ree7 Qc5 43. Rec7 Qxf2+ 44. Kh1 Qf1+ 45. Kh2 Qf2+ 46. Kh1 Qf1+ 47. Kh2 Qf2+ 1/2-1/2


[Site "https://www.chess.com"]

[Event "Titled Tuesday Blitz May 4 2021"]
[White "Ravi, Thandalam Shanmugam"]
[Black "Mezentsev, Ivan"]
[WhiteFideId "5000238"]
[BlackFideId "13706195"]
[WhiteElo "2215"]
[BlackElo "2295"]
[Result "1/2-1/2"]
[Round "10"]
[TimeControl "180+1"]
[Date "2021.05.04"]
[WhiteClock "0:00:01"]
[BlackClock "0:00:05"]

1. e4 c5 2. c3 Nf6 3. e5 Nd5 4. d4 cxd4 5. Nf3 e6 6. cxd4 d6 7. Bc4 Be7 8. O-O Nc6 9. Bxd5 exd5 10. h3 Be6 11. Nc3 dxe5 12. dxe5 d4 13. Ne2 Bc4 14. Re1 Bxe2 15. Rxe2 O-O 16. Bf4 Qb6 17. Rd2 Rad8 18. Qe2 Qb4 19. Qe4 f5 20. Qd3 a6 21. Rad1 Bc5 22. Rc1 Bb6 23. a3 Qb5 24. Rc4 Qd5 25. Rc1 Qe4 26. Qb3+ Kh8 27. Bg5 Ba5 28. Bxd8 Bxd2 29. Nxd2 Qf4 30. Qxb7 Qxd2 31. Rxc6 Qe1+ 32. Kh2 Qxe5+ 33. g3 Rxd8 34. Qd7 Qb8 35. Qxf5 d3 36. Rc1 d2 37. Rd1 Qd6 38. Qg5 h6 39. Qe3 Qd5 40. b4 Qd7 41. h4 Qd5 42. Qe2 Qd4 43. Qe3 Qb2 44. Qe2 Qc2 45. Kg2 Qc6+ 46. Kg1 Qc1 47. Kh2 Qc2 48. Kg1 Qb2 49. Kh2 Qc2 1/2-1/2


[Site "https://www.chess.com"]

[Event "Titled Tuesday Blitz May 4 2021"]
[White "Region_07"]
[Black "Ranindu2003"]
[WhiteElo "2400"]
[BlackElo "2559"]
[Result "1-0"]
[Round "10"]
[TimeControl "180+1"]
[Date "2021.05.04"]
[WhiteClock "0:00:11"]
[BlackClock "0:01:18"]

1. d4 Nf6 2. Bg5 d5 3. Bxf6 gxf6 4. c4 c5 5. e3 e6 6. Nc3 cxd4 7. exd4 dxc4 8. Bxc4 Nc6 9. Nf3 Rg8 10. O-O Ne7 11. d5 e5 12. Bb5+ Bd7 13. Ne4 Qb6 14. Bxd7+ Kxd7 15. d6 Bg7 16. dxe7+ Kxe7 17. Nh4 Qe6 18. Qf3 Bh8 19. Nf5+ Kf8 20. Qa3+ Ke8 21. Rfd1 h5 22. Rac1 Bg7 23. Qa4+ Kf8 24. Qb4+ Ke8 25. Qb5+ Kf8 26. Qb4+ Ke8 27. Ned6+ Kf8 28. Nc8+ Ke8 29. Nfd6+ Kf8 30. Nxb7+ Ke8 31. Rd8# 1-0


[Site "https://www.chess.com"]

[Event "Titled Tuesday Blitz May 4 2021"]
[White "Reprintsev, Alexander"]
[Black "Real De Azua, Ernesto"]
[WhiteFideId "14100541"]
[BlackFideId "108154"]
[WhiteElo "2194"]
[BlackElo "2476"]
[Result "0-1"]
[Round "10"]
[TimeControl "180+1"]
[Date "2021.05.04"]
[WhiteClock "0:00:15"]
[BlackClock "0:00:21"]

1. e4 e5 2. f4 exf4 3. Bc4 c6 4. Qe2 Be7 5. Nc3 d5 6. exd5 Nf6 7. d4 cxd5 8. Bb5+ Nc6 9. Bxf4 O-O 10. Nf3 Bg4 11. O-O-O Bb4 12. Bxc6 bxc6 13. Bg5 Bxc3 14. bxc3 Qd6 15. Bxf6 Qxf6 16. Qe5 Qd8 17. Kd2 Re8 18. Qf4 Re4 19. Qg3 Qf6 20. Rdf1 Qh6+ 21. Kd1 Qe3 22. h3 Bh5 23. Qd6 Qxc3 24. g4 Bg6 25. Rf2 Qa1+ 26. Kd2 Qxh1 0-1


[Site "https://www.chess.com"]

[Event "Titled Tuesday Blitz May 4 2021"]
[White "Rodin, Mihail"]
[Black "Aslanov, Umid"]
[WhiteFideId "4113160"]
[BlackFideId "13412620"]
[WhiteElo "2368"]
[BlackElo "1796"]
[Result "0-1"]
[Round "10"]
[TimeControl "180+1"]
[Date "2021.05.04"]
[WhiteClock "0:00:30"]
[BlackClock "0:00:12"]

1. e4 c5 2. Nf3 d6 3. d4 cxd4 4. Nxd4 Nf6 5. Nc3 a6 6. Qf3 g6 7. h3 Bg7 8. Be3 Bd7 9. O-O-O O-O 10. g4 Nc6 11. g5 Nh5 12. h4 Ne5 13. Qg2 Rc8 14. f4 Ng4 15. Qf3 e5 16. Nde2 Nxe3 17. Qxe3 exf4 18. Nxf4 Nxf4 19. Qxf4 Qa5 20. Nd5 Qxa2 21. Nf6+ Bxf6 22. Qxf6 Qa1+ 23. Kd2 Qa5+ 24. Kc1 Qa1+ 25. Kd2 Rxc2+ 26. Kxc2 Ba4+ 27. b3 Qa2+ 28. Kd3 Qxb3+ 29. Ke2 Qxd1+ 30. Kf2 Rc8 31. Bg2 Qd3 32. Re1 Qd2+ 33. Re2 Qd3 34. Re1 Rc2+ 35. Kg1 Qc3 36. Qxc3 Rxc3 37. Re2 Bb5 38. Rd2 Rd3 39. Rc2 Kg7 40. Rc7 Bc6 41. Bf1 Rd1 42. Kf2 Rc1 43. Be2 a5 44. Ke3 a4 45. Bb5 Rc3+ 46. Kd4 Rc5 47. Bxc6 bxc6 48. Ra7 Rb5 49. Rxa4 Rb1 50. Ke3 Rh1 51. Ra7 Rxh4 52. Ra6 Rh3+ 53. Kf4 Rc3 54. Ra5 Rc4 55. Ra7 d5 56. Ke3 Rxe4+ 57. Kd3 Re5 58. Rc7 Rxg5 59. Rxc6 h5 60. Kd4 h4 61. Rc1 f6 62. Rh1 Rh5 63. Ke3 Kh6 64. Kf4 f5 65. Ke5 h3 66. Kf4 h2 67. Kg3 d4 68. Kg2 Kg5 69. Kf2 Kf4 70. Kg2 g5 71. Rf1+ Ke3 72. Kh1 f4 73. Rf3+ Ke4 74. Rf2 Kd5 75. Rd2 Rh6 76. Rg2 Re6 77. Rxg5+ Re5 78. Kxh2 Rxg5 79. Kh3 d3 80. Kh4 d2 81. Kxg5 d1=Q 82. Kxf4 Qd4+ 83. Kf3 Qe4+ 84. Kf2 Ke5 85. Kf1 Qf4+ 86. Ke2 Qg3 87. Kd2 Ke4 88. Kc2 Qd3+ 89. Kc1 Kd4 90. Kb2 Kc4 91. Ka1 Qd6 92. Kb2 Qb6+ 93. Kc1 Qf2 94. Kd1 Kc3 0-1


[Site "https://www.chess.com"]

[Event "Titled Tuesday Blitz May 4 2021"]
[White "Rodriguez, Santiago"]
[Black "Harshavardhan G B"]
[WhiteFideId "3000591"]
[BlackFideId "25059009"]
[WhiteElo "2256"]
[BlackElo "1825"]
[Result "0-1"]
[Round "10"]
[TimeControl "180+1"]
[Date "2021.05.04"]
[WhiteClock "0:00:01"]
[BlackClock "0:00:51"]

1. d4 Nf6 2. Bg5 c5 3. d5 Qb6 4. Nc3 Qxb2 5. Bd2 Qb6 6. e4 d6 7. f4 g6 8. Nf3 Bg7 9. Rb1 Qd8 10. e5 dxe5 11. Bb5+ Nfd7 12. fxe5 O-O 13. e6 fxe6 14. Ng5 Ne5 15. dxe6 Nbc6 16. h4 Nd4 17. h5 Nxb5 18. Rxb5 Qd4 19. Qe2 Nc4 20. hxg6 hxg6 21. Nce4 Qa1+ 22. Qd1 Qe5 23. Qe2 Bxe6 24. Rxc5 Qa1+ 25. Qd1 Qxd1+ 26. Kxd1 Bg4+ 27. Kc1 Rac8 28. Rxc8 Rxc8 29. Bb4 Bb2+ 30. Kb1 Rc7 31. Rh7 Bg7 32. g3 Bf5 33. Rh4 Ne3 34. c3 Nd5 35. a3 Bf6 36. Ka2 Nxb4+ 0-1


[Site "https://www.chess.com"]

[Event "Titled Tuesday Blitz May 4 2021"]
[White "Roque Sola, Gisela"]
[Black "Shankovskyi, Andrii"]
[WhiteFideId "5120241"]
[BlackFideId "14121565"]
[WhiteElo "1863"]
[BlackElo "2269"]
[Result "1-0"]
[Round "10"]
[TimeControl "180+1"]
[Date "2021.05.04"]
[WhiteClock "0:00:58"]
[BlackClock "0:00:02"]

1. c4 e6 2. Nf3 d5 3. b3 Nf6 4. g3 Bc5 5. Bg2 O-O 6. O-O Nc6 7. e3 Bd7 8. d4 Be7 9. Nc3 Re8 10. Bb2 a6 11. Ne5 Bf8 12. cxd5 exd5 13. Nxd5 Nxe5 14. dxe5 Nxd5 15. Qxd5 c6 16. Qd2 Qc7 17. Rad1 Rad8 18. Qc2 g6 19. Qc3 Be6 20. Rxd8 Rxd8 21. f4 Bg7 22. e4 Qb6+ 23. Kh1 Bg4 24. f5 gxf5 25. exf5 Be2 26. Re1 Qf2 27. f6 Bh6 28. e6 Bd2 29. exf7+ Kxf7 30. Rxe2 Qxe2 31. Qc4+ 1-0


[Site "https://www.chess.com"]

[Event "Titled Tuesday Blitz May 4 2021"]
[White "Rorrer, Grayson"]
[Black "Martin, Lewis"]
[WhiteFideId "30944996"]
[BlackFideId "410551"]
[WhiteElo "2400"]
[BlackElo "2145"]
[Result "1-0"]
[Round "10"]
[TimeControl "180+1"]
[Date "2021.05.04"]
[WhiteClock "0:00:51"]
[BlackClock "0:00:06"]

1. e4 c5 2. Nf3 d6 3. d4 cxd4 4. Nxd4 Nf6 5. Nc3 a6 6. h3 e5 7. Nf3 b5 8. Bg5 Be7 9. Bxf6 Bxf6 10. Nd5 Be6 11. a4 b4 12. Nxb4 O-O 13. c3 Nd7 14. Bxa6 Nc5 15. Bd3 d5 16. exd5 e4 17. dxe6 exd3 18. exf7+ Rxf7 19. O-O Qd6 20. Re1 Raf8 21. a5 Bd8 22. Re3 Bc7 23. Nxd3 Rxf3 24. Rxf3 Rxf3 25. Qxf3 Nxd3 26. Rd1 Qh2+ 27. Kf1 Nf4 28. Qa8+ Kf7 29. Rd7+ Kg6 30. Qc6+ Kh5 31. g3 Qxh3+ 32. Ke1 Ng2+ 33. Ke2 Qg4+ 34. Qf3 Qxf3+ 35. Kxf3 Ne1+ 36. Ke2 1-0


[Site "https://www.chess.com"]

[Event "Titled Tuesday Blitz May 4 2021"]
[White "Rytenko, Vsevolod"]
[Black "Grigoryan, Meri"]
[WhiteFideId "14133040"]
[BlackFideId "13300571"]
[WhiteElo "2228"]
[BlackElo "2007"]
[Result "1/2-1/2"]
[Round "10"]
[TimeControl "180+1"]
[Date "2021.05.04"]
[WhiteClock "0:00:09"]
[BlackClock "0:00:09"]

1. d4 d5 2. Nf3 Nf6 3. Bg5 e6 4. e3 c5 5. c4 Nc6 6. Nc3 dxc4 7. Bxc4 cxd4 8. Nxd4 Nxd4 9. exd4 Be7 10. O-O O-O 11. Rc1 Bd7 12. d5 Nxd5 13. Bxd5 Bxg5 14. f4 exd5 15. fxg5 Qxg5 16. Qxd5 Qxd5 17. Nxd5 Be6 18. Nc7 Rac8 19. Nxe6 fxe6 20. Rxf8+ Rxf8 21. Rc7 Rf7 22. Rc8+ Rf8 23. Rc7 Rf7 24. Rc8+ Rf8 25. Rc4 Rf7 26. g3 Re7 27. Kf2 Kf7 28. Ke3 Kf6 29. Ke4 Rd7 30. h4 b5 31. Rc5 a6 32. b3 Rd2 33. a4 Re2+ 34. Kf4 e5+ 35. Kg4 Re4+ 36. Kf3 Rb4 37. Rc6+ Kf5 38. g4+ Rxg4 39. axb5 axb5 40. h5 Rb4 41. h6 gxh6 42. Rxh6 Rxb3+ 43. Ke2 Rb2+ 44. Kd3 e4+ 45. Kc3 Rg2 46. Rxh7 e3 47. Kd3 Rg3 48. Rh5+ Kf4 49. Rxb5 Kf3 50. Rf5+ Kg2 51. Ke2 Rg4 52. Rf6 Re4 53. Rg6+ Kh3 54. Kf3 Rh4 55. Rg1 Kh2 56. Rg2+ Kh1 57. Re2 Rh3+ 58. Kg4 Rh2 59. Re1+ Kg2 60. Rxe3 Kg1 61. Kg3 Rg2+ 62. Kf3 Rf2+ 63. Kg3 Rg2+ 64. Kf4 Rf2+ 65. Ke4 Kg2 66. Kd4 Kf1 67. Kd3 Kg1 68. Rh3 Kf1 69. Ke3 Kg2 70. Rh8 Rf1 71. Rg8+ Kh3 72. Ke2 Rf6 73. Rh8+ Kg4 74. Rg8+ Kf5 75. Ke3 Ke5 76. Rg5+ Rf5 77. Rg1 Kf6 78. Ke4 Re5+ 79. Kd4 Rf5 80. Rh1 Rg5 81. Ke4 Rg4+ 82. Kf3 Rg6 83. Ra1 Kf5 84. Ra5+ Kf6 85. Kf4 Kg7 86. Kf5 Rf6+ 87. Kg5 Rc6 88. Ra7+ Kf8 89. Kf5 Ke8 90. Ke5 Kd8 91. Kd5 Rh6 92. Rg7 Ke8 1/2-1/2


[Site "https://www.chess.com"]

[Event "Titled Tuesday Blitz May 4 2021"]
[White "Sadhwani, Raunak"]
[Black "Gusarov, Grigory"]
[WhiteFideId "35093487"]
[BlackFideId "24102172"]
[WhiteElo "2514"]
[BlackElo "2285"]
[Result "1/2-1/2"]
[Round "10"]
[TimeControl "180+1"]
[Date "2021.05.04"]
[WhiteClock "0:00:36"]
[BlackClock "0:00:40"]

1. b3 c6 2. Bb2 d5 3. Nf3 Nf6 4. g3 Bg4 5. Bg2 Nbd7 6. O-O e6 7. d3 Bc5 8. Nbd2 O-O 9. e4 a5 10. a3 Qc7 11. h3 Bxf3 12. Qxf3 dxe4 13. Nxe4 Nxe4 14. Qxe4 Nf6 15. Bxf6 gxf6 16. d4 Be7 17. c4 f5 18. Qe3 Bf6 19. Rad1 Rfe8 20. Qf3 Bg7 21. d5 cxd5 22. cxd5 Rad8 23. dxe6 fxe6 24. Qxb7 Qxb7 25. Bxb7 Bd4 26. Ba6 Bb2 27. Bb5 Rxd1 28. Rxd1 Re7 29. b4 axb4 30. axb4 Bc3 31. Rb1 Rb7 32. Bc4 Kf7 33. b5 Kf6 34. Rd1 Rc7 35. Bb3 Bb4 36. Rb1 Bc5 37. Kg2 Bb6 38. Re1 e5 39. Rd1 Ke7 40. Rd2 Rc5 41. Bc2 e4 42. Ba4 Rc4 43. Bd1 Rd4 44. Rxd4 Bxd4 45. f3 exf3+ 46. Kxf3 Be5 47. Bc2 Kf6 48. b6 h5 49. b7 h4 50. gxh4 Kg7 51. Bxf5 Kh8 52. Ke4 Bb8 53. h5 Bh2 54. Bg4 Bb8 55. Kf5 Bh2 56. Ke6 Bg3 57. Kd7 Bh2 58. Kc8 Bg3 59. Bf5 Bh2 60. Be6 Bg3 61. Kd7 Bh2 62. Ke8 Bg3 63. Kf7 Bh2 64. Kg6 Bg3 65. h6 Bh2 66. h7 Bg3 67. Kf5 Bh2 68. Kg4 Bb8 69. h4 Bc7 70. h5 Bb8 71. Bf5 Bc7 72. Bg6 Bb8 73. Kf5 Bc7 74. Ke6 Bb8 75. Kf7 Bh2 76. Bf5 Bg3 77. Kg6 Bh2 78. Be4 Bg3 79. Bd5 Bh2 80. Bc4 Bb8 81. Bb3 Bc7 82. Ba2 Bb8 83. Bb1 Bc7 84. Bc2 Bb8 85. Bd3 Bc7 86. Be4 Bb8 87. Bd3 Bc7 88. Be4 Bb8 89. Bd3 1/2-1/2


[Site "https://www.chess.com"]

[Event "Titled Tuesday Blitz May 4 2021"]
[White "Salinas Herrera, Pablo"]
[Black "Tikhonov, Viacheslav"]
[WhiteFideId "3407128"]
[BlackFideId "44196407"]
[WhiteElo "2541"]
[BlackElo "1773"]
[Result "1-0"]
[Round "10"]
[TimeControl "180+1"]
[Date "2021.05.04"]
[WhiteClock "0:00:38"]
[BlackClock "0:00:27"]

1. d4 Nf6 2. Bf4 g6 3. Nc3 d5 4. e3 c6 5. Be2 Bg7 6. h4 h5 7. Nf3 Bg4 8. Ne5 Bxe2 9. Qxe2 Nfd7 10. Nxd7 Nxd7 11. O-O-O Qa5 12. Kb1 e5 13. dxe5 Nxe5 14. e4 O-O 15. exd5 Rfe8 16. d6 Ng4 17. Qd2 Bxc3 18. bxc3 Re4 19. f3 Ra4 20. c4 Nf2 21. Qxa5 Rxa5 22. d7 Nxh1 23. Rxh1 Ra4 24. Re1 Kf8 25. Bh6+ 1-0


[Site "https://www.chess.com"]

[Event "Titled Tuesday Blitz May 4 2021"]
[White "Sanal, Vahap"]
[Black "Gabrielian, Artur"]
[WhiteFideId "6300545"]
[BlackFideId "4131002"]
[WhiteElo "2507"]
[BlackElo "2539"]
[Result "0-1"]
[Round "10"]
[TimeControl "180+1"]
[Date "2021.05.04"]
[WhiteClock "0:00:02"]
[BlackClock "0:00:17"]

1. e4 c5 2. Nf3 d6 3. d4 cxd4 4. Nxd4 Nf6 5. Nc3 Nc6 6. Bg5 e6 7. Bb5 Bd7 8. Qd3 Be7 9. O-O-O a6 10. Bxc6 bxc6 11. f4 h6 12. Bxf6 Bxf6 13. e5 dxe5 14. Nf3 exf4 15. Ne4 Ra7 16. Nd6+ Kf8 17. Ne4 Qe7 18. h4 Rb7 19. c3 a5 20. Qa6 Be8 21. Qxa5 Ra7 22. Qb6 Rxa2 23. Nxf6 gxf6 24. Kc2 Rg8 25. Rd2 c5 26. Re1 Rg3 27. Re4 e5 28. Rc4 Kg7 29. Rxc5 Bd7 30. Kb1 Ra8 31. b3 Bf5+ 32. Kb2 Be4 33. Re2 Bxf3 34. gxf3 Rxf3 35. Qc6 Qa7 36. Qxf3 Qa1+ 37. Kc2 Ra2+ 38. Kd3 Qd1+ 39. Kc4 Qxe2+ 40. Qxe2 Rxe2 41. Ra5 f3 42. Ra1 e4 43. Rg1+ 0-1


[Site "https://www.chess.com"]

[Event "Titled Tuesday Blitz May 4 2021"]
[White "Sanchez Alvares, Kelvin Antonio"]
[Black "Karttunen, Mika"]
[WhiteFideId "3906680"]
[BlackFideId "502081"]
[WhiteElo "2247"]
[BlackElo "2343"]
[Result "1-0"]
[Round "10"]
[TimeControl "180+1"]
[Date "2021.05.04"]
[WhiteClock "0:00:50"]
[BlackClock "0:00:03"]

1. e4 c5 2. Nf3 Nc6 3. d4 cxd4 4. Nxd4 e5 5. Nb5 d6 6. N1c3 a6 7. Na3 b5 8. Nd5 Nge7 9. Nxe7 Bxe7 10. c4 Nd4 11. Bd3 O-O 12. O-O Bb7 13. Be3 f5 14. Bxd4 fxe4 15. Be3 exd3 16. Qxd3 Qd7 17. Qe2 Rf3 18. Rfd1 Qg4 19. cxb5 Raf8 20. Qc4+ Qxc4 21. Nxc4 R3f6 22. Na5 Bc8 23. b6 Be6 24. Nc6 Kf7 25. b7 Bd7 26. b8=Q Bxc6 27. Qb3+ d5 28. Rxd5 Bxd5 29. Qxd5+ Kg6 30. h3 h5 31. Qe4+ Kf7 32. Qd5+ Kg6 33. Rc1 Rd6 34. Rc6 1-0


[Site "https://www.chess.com"]

[Event "Titled Tuesday Blitz May 4 2021"]
[White "Sapunov, Evgeny"]
[Black "Gahan, M G"]
[WhiteFideId "4126661"]
[BlackFideId "5027373"]
[WhiteElo "2470"]
[BlackElo "2264"]
[Result "1-0"]
[Round "10"]
[TimeControl "180+1"]
[Date "2021.05.04"]
[WhiteClock "0:00:31"]
[BlackClock "0:00:03"]

1. c4 Nf6 2. Nf3 g6 3. Nc3 d5 4. cxd5 Nxd5 5. e4 Nxc3 6. dxc3 Qxd1+ 7. Kxd1 Bg7 8. Bf4 c6 9. Kc2 Nd7 10. Nd2 O-O 11. a4 Nf6 12. f3 Rd8 13. a5 Nh5 14. Be3 Be6 15. Nb3 Bxb3+ 16. Kxb3 Be5 17. g3 Bc7 18. Be2 Ng7 19. Bc4 b5 20. axb6 axb6 21. f4 b5 22. Be2 e5 23. Rhd1 exf4 24. gxf4 Ne6 25. e5 Rxa1 26. Rxa1 g5 27. fxg5 Bxe5 28. h4 Bf4 29. Bxf4 Nxf4 30. Bf3 c5 31. Ra5 Rd3 32. Bc6 c4+ 33. Kc2 Rh3 34. Bxb5 Rh2+ 35. Kb1 Nd3 36. Bxc4 Nxb2 37. Bd5 Nd1 38. Rc5 Rxh4 39. Rc7 Rf4 40. Bb3 Ne3 41. Kc1 Kg7 42. Kd2 Ng4 43. c4 Kg6 44. c5 Ne5 45. Re7 Nc6 46. Rc7 Na5 47. Ba2 1-0


[Site "https://www.chess.com"]

[Event "Titled Tuesday Blitz May 4 2021"]
[White "Sargissyan, Sargis"]
[Black "Vargas, Gabriela"]
[WhiteFideId "13303210"]
[BlackFideId "3700860"]
[WhiteElo "2174"]
[BlackElo "2116"]
[Result "1/2-1/2"]
[Round "10"]
[TimeControl "180+1"]
[Date "2021.05.04"]
[WhiteClock "0:02:07"]
[BlackClock "0:01:49"]

1. e4 e6 2. d4 d5 3. Nd2 Nc6 4. c3 e5 5. dxe5 Nxe5 6. exd5 Qxd5 7. Ngf3 Nxf3+ 8. Qxf3 Qxf3 9. Nxf3 Nf6 10. Bd3 Bg4 11. Bf4 O-O-O 12. O-O-O Bc5 13. Bg3 Rhe8 14. Kc2 Kb8 15. h3 Bxf3 16. gxf3 Nh5 17. Bc4 Nxg3 18. fxg3 f6 19. Rxd8+ Rxd8 20. Re1 c6 21. g4 Kc7 1/2-1/2


[Site "https://www.chess.com"]

[Event "Titled Tuesday Blitz May 4 2021"]
[White "Sarkar, Justin"]
[Black "Ashiev, Eduard"]
[WhiteFideId "2010011"]
[BlackFideId "4130090"]
[WhiteElo "2140"]
[BlackElo "2106"]
[Result "0-1"]
[Round "10"]
[TimeControl "180+1"]
[Date "2021.05.04"]
[WhiteClock "0:00:02"]
[BlackClock "0:00:16"]

1. d4 d6 2. e4 Nf6 3. Nc3 g6 4. f4 Bg7 5. Nf3 O-O 6. Be3 b6 7. Bd3 c5 8. dxc5 bxc5 9. e5 Ng4 10. Bg1 Bb7 11. h3 Nh6 12. Be4 Bxe4 13. Nxe4 Nc6 14. c3 dxe5 15. Qxd8 Rfxd8 16. fxe5 Nxe5 17. Nxe5 Bxe5 18. Bxc5 f5 19. Nd2 Bf4 20. Nb3 Bg3+ 21. Ke2 Rac8 22. Rad1 Rxd1 23. Rxd1 Kf7 24. Bxa7 Ra8 25. Rd7 Ke6 26. Rb7 Nf7 27. a4 Nd6 0-1


[Site "https://www.chess.com"]